Moose vs Ice Hogs

Created - Tuesday, January 19, 2016 at 00:17

Goals
1 2 3 OT1 SO T
Moose 0 1 0 0 1 1
Ice Hogs 0 0 1 0 2 2
Shots
1 2 3 OT1 SO T
Moose 8 5 10 2 3 25
Ice Hogs 6 4 9 4 2 23

1st period

No Goal

Penalties :
Rasmus Rissanen (MAN) for Roughing (Minor) at 1:02, Joel Edmundson (MAN) for Holding (Minor) at 6:01

2nd period

1. Moose , Brandon Davidson 6 (Rasmus Rissanen, Daniil Tarasov) at 3:40 (PP)

Penalties :
Frank Corrado (RIH) for Hooking (Minor) at 2:21, Viktor Svedberg (RIH) for Fighting (Major) at 5:21, Scott Mayfield (MAN) for Fighting (Major) at 5:21, Viktor Svedberg (RIH) for instigated a fight (Minor) at 5:21, Viktor Svedberg (RIH) for instigated and being the aggresor in a fight (20 Minutes Game Misconduct) at 5:21, Garret Ross (MAN) for Roughing (Minor) at 15:39

3rd period

2. Ice Hogs , J.T. Miller 24 (Colin McDonald, Anton Volchenkov) at 18:25

Penalties :
No Penalty

Overtime #1

No Goal

Penalties :
No Penalty

Shootout

Penalty Shot by Cedric Paquette for Moose - Stopped by Yann Danis
Penalty Shot by J.T. Miller for Ice Hogs - Goal!
Penalty Shot by Josh Jooris for Moose - Goal!
Penalty Shot by Colin McDonald for Ice Hogs - Goal!
Penalty Shot by Ryan Malone for Moose - Stopped by Yann Danis

Penalties :
No Penalty

Goalie Stats

Sam Brittain (MAN), 22 saves from 23 shots - (0.957), OTL, 14-6-8, 65:00 minutes
Yann Danis (RIH), 24 saves from 25 shots - (0.960), W, 29-8-9, 65:00 minutes

Players Stats for Moose

Player Name              G  A  P  +/- PIM S  H  SB GA TA FO     MP     PP MP  PK MP  
------------------------------------------------------------------------------------
Ben Chiarot              0  0  0   0  0   5  1  4  2  0  0/0    26:49   1:41   2:58 
Brady Austin             0  0  0   0  0   0  1  0  0  0  0/0     5:55   0:00   0:00 
Brandon Davidson         1  0  1   0  0   4  2  5  1  1  0/0    24:21   1:37   2:59 
Cedric Paquette          0  0  0   0  0   4  1  2  4  0  9/14   24:16   1:24   2:38 
Colin Smith              0  0  0  -1  0   1  0  0  2  0  6/8    16:20   0:00   0:00 
Daniil Tarasov           0  1  1   0  0   1  1  0  0  0  0/1    16:46   1:54   0:00 
Garret Ross              0  0  0   0  2   2  2  0  1  0  0/2    16:55   1:54   0:00 
Greg McKegg              0  0  0   0  0   1  2  0  1  1  4/8    20:40   1:54   1:43 
Joel Armia               0  0  0   0  0   1  3  1  1  0  0/0    15:49   0:00   0:00 
Joel Edmundson           0  0  0  -1  2   0  1  0  0  0  0/0    14:48   0:00   0:00 
Joel Vermin              0  0  0   0  0   1  0  0  0  1  0/0     8:32   0:00   0:00 
Josh Jooris              0  0  0  -1  0   0  3  2  2  0  1/3    20:03   1:24   4:06 
Josh Manson              0  0  0   0  0   2  1  0  3  0  0/0    22:58   1:41   2:58 
Michael Schumacher       0  0  0   0  0   1  0  0  0  0  0/1    16:07   0:00   1:06 
Rasmus Rissanen          0  1  1   0  2   2  1  0  0  2  0/0    23:50   1:37   1:54 
Rob Flick                0  0  0   0  0   0  1  0  0  0  4/8    10:08   0:00   0:38 
Ryan Malone              0  0  0  -1  0   0  3  0  1  0  2/2    16:48   1:24   1:43 
Scott Mayfield           0  0  0  -1  5   0  1  0  0  0  0/0    12:49   0:00   1:05 

Players Stats for Ice Hogs

Player Name              G  A  P  +/- PIM S  H  SB GA TA FO     MP     PP MP  PK MP  
------------------------------------------------------------------------------------
Anton Volchenkov         0  1  1   1  0   2  4  3  1  2  0/0    29:48   3:05   1:46 
Ben Holmstrom            0  0  0   0  0   0  0  0  1  0  1/1     7:37   0:45   0:00 
Colin McDonald           0  1  1   1  0   2  1  1  3  1  0/0    21:51   2:36   2:40 
Derek Hulak              0  0  0   0  0   0  0  0  0  0  0/0    10:33   0:00   0:00 
Frank Corrado            0  0  0   0  2   5  0  0  1  0  0/0    25:00   2:48   0:38 
J.T. Miller              1  0  1   1  0   2  2  0  1  1  7/20   23:21   2:58   2:40 
Jean-Philippe Cote       0  0  0   0  0   1  0  2  0  3  0/0    23:50   1:08   1:21 
Mat Bodie                0  0  0   0  0   0  0  1  0  0  0/0     0:43   0:00   0:00 
Mathieu Brodeur          0  0  0   1  0   1  4  1  0  1  0/0    28:19   2:29   2:51 
Matt Fraser              0  0  0   0  0   0  2  1  3  1  0/1    20:27   2:36   0:38 
Oscar Lindberg           0  0  0   0  0   2  2  0  2  0  6/7    17:57   0:23   0:00 
Petr Straka              0  0  0   0  0   0  2  1  0  1  0/0    16:26   0:00   0:00 
Scott Wilson             0  0  0   0  0   2  0  1  1  1  0/1    19:30   0:23   0:18 
T.J. Tynan               0  0  0   0  0   1  0  0  0  0  2/6    10:05   0:00   0:00 
Tim Schaller             0  0  0   1  0   1  0  0  2  0  0/1    14:50   3:21   0:20 
Travis Morin             0  0  0   0  0   2  2  0  2  0  5/10   17:11   2:36   0:00 
Viktor Svedberg          0  0  0   0  27  1  0  0  0  0  0/0     9:16   2:01   0:00 
Will Acton               0  0  0   0  0   1  4  0  0  1  0/0    19:51   2:36   0:00 

3 Stars

1 - Yann Danis (RIH)
2 - Sam Brittain (MAN)
3 - J.T. Miller (RIH)

Power Play

Moose - 1 on 2 Attempt(s) - 50.00%
Ice Hogs - 0 on 3 Attempt(s) - 0.00%

Penalty Kill

Moose - 3 on 3 Attempt(s) - 100.00% - Score 0 goal in Penalty Kill
Ice Hogs - 1 on 2 Attempt(s) - 50.00% - Score 0 goal in Penalty Kill

Team Stat

Moose - Hits : 24 - Faceoff Wins : 26 - Blocked Shots : 14 - Penalty Minutes : 11
Ice Hogs - Hits : 23 - Faceoff Wins : 21 - Blocked Shots : 11 - Penalty Minutes : 29

Official

Referees : Unknown
Linesman : Unknown

Game Notes

Mat Bodie is injured at 4:09 of 1st period (Sprained Right Knee)
Viktor Svedberg beats up Scott Mayfield at 5:21 of 2nd period
Viktor Svedberg ejected from game at 5:21 of 2nd period

Finance

Level 1 -- Attendance: 1505 (75.25%) -- Ticket Income $52,675
Level 2 -- Attendance: 756 (75.60%) -- Ticket Income $11,340
Total Attendance: 2261 (75.37%)
Total Ticket Income: $64,015
Other Income: $31,367
Total Income: $95,382

Moose

5 vs 5 Forward 
   Center                   Left Wing                Right Wing               Time % Phy DF OF 
 1 Cedric Paquette          Ryan Malone              Josh Jooris              35     1   2  2  
 2 Greg McKegg              Garret Ross              Daniil Tarasov           30     1   2  2  
 3 Colin Smith              Michael Schumacher       Joel Armia               22     1   2  2  
 4 Rob Flick                Cedric Paquette          Joel Vermin              13     1   2  2  

5 vs 5 Defense 
   Defense                  Defense                                           Time % Phy DF OF 
 1 Ben Chiarot              Josh Manson                                       35     1   2  2  
 2 Brandon Davidson         Rasmus Rissanen                                   30     1   2  2  
 3 Joel Edmundson           Scott Mayfield                                    22     1   2  2  
 4 Brady Austin             Ben Chiarot                                       13     1   2  2  

PowerPlay Forward 
   Center                   Left Wing                Right Wing               Time % Phy DF OF 
 1 Cedric Paquette          Ryan Malone              Josh Jooris              60     1   2  2  
 2 Greg McKegg              Garret Ross              Daniil Tarasov           40     1   2  2  

PowerPlay Defense
   Defense                  Defense                                           Time % Phy DF OF 
 1 Ben Chiarot              Josh Manson                                       60     1   2  2  
 2 Brandon Davidson         Rasmus Rissanen                                   40     1   2  2  

Penalty Kill 4 Players Forward 
   Center                   Wing                     Time % Phy DF OF 
 1 Cedric Paquette          Josh Jooris              60     1   2  2  
 2 Ryan Malone              Greg McKegg              40     1   2  2  

Penalty Kill 4 Players Defense
   Defense                  Defense                  Time % Phy DF OF 
 1 Ben Chiarot              Josh Manson              60     1   2  2  
 2 Brandon Davidson         Rasmus Rissanen          40     1   2  2  

Penalty Kill - 3 Players Forward 
   Forward                                           Time % Phy DF OF 
 1 Cedric Paquette                                   60     1   2  2  
 2 Josh Jooris                                       40     1   2  2  

Penalty Kill - 3 Players Defense
   Defense                  Defense                  Time % Phy DF OF 
 1 Ben Chiarot              Josh Manson              60     1   2  2  
 2 Brandon Davidson         Rasmus Rissanen          40     1   2  2  

4 vs 4 Forward 
   Center                   Wing                     Time % Phy DF OF 
 1 Cedric Paquette          Josh Jooris              60     1   2  2  
 2 Ryan Malone              Greg McKegg              40     1   2  2  

4 vs 4 Defense
   Defense                  Defense                  Time % Phy DF OF 
 1 Ben Chiarot              Josh Manson              60     1   2  2  
 2 Brandon Davidson         Rasmus Rissanen          40     1   2  2  

Last Minutes Offensive
   Center                   Left Wing                Right Wing               Defense                  Defense                  
   Cedric Paquette          Ryan Malone              Josh Jooris              Ben Chiarot              Josh Manson              

Last Minutes Defensive
   Center                   Left Wing                Right Wing               Defense                  Defense                  
   Cedric Paquette          Ryan Malone              Josh Jooris              Ben Chiarot              Josh Manson              

Goaltenders
Starting : Sam Brittain             
Backup : Antoine Bibeau           

Extra Forwards
Normal : Colin Smith, Joel Armia, Michael Schumacher - PP : Colin Smith, Joel Armia - PK : Michael Schumacher
Extra Defensemen
Normal : Joel Edmundson, Scott Mayfield, Brady Austin - PP : Joel Edmundson - PK : Scott Mayfield, Brady Austin
Penalty Shots
Cedric Paquette, Josh Jooris, Ryan Malone, Greg McKegg, Garret Ross

Ice Hogs

5 vs 5 Forward 
   Center                   Left Wing                Right Wing               Time % Phy DF OF 
 1 J.T. Miller              Tim Schaller             Colin McDonald           35     1   2  2  
 2 Travis Morin             Matt Fraser              Will Acton               30     1   2  2  
 3 Oscar Lindberg           Scott Wilson             Petr Straka              22     1   2  2  
 4 T.J. Tynan               Derek Hulak              J.T. Miller              13     1   2  2  

5 vs 5 Defense 
   Defense                  Defense                                           Time % Phy DF OF 
 1 Anton Volchenkov         Frank Corrado                                     35     1   2  2  
 2 Mathieu Brodeur          Viktor Svedberg                                   30     1   2  2  
 3 Jean-Philippe Cote       Mat Bodie                                         22     1   2  2  
 4 Anton Volchenkov         Frank Corrado                                     13     1   2  2  

PowerPlay Forward 
   Center                   Left Wing                Right Wing               Time % Phy DF OF 
 1 J.T. Miller              Tim Schaller             Colin McDonald           60     1   2  2  
 2 Travis Morin             Matt Fraser              Will Acton               40     1   2  2  

PowerPlay Defense
   Defense                  Defense                                           Time % Phy DF OF 
 1 Anton Volchenkov         Frank Corrado                                     60     1   2  2  
 2 Mathieu Brodeur          Viktor Svedberg                                   40     1   2  2  

Penalty Kill 4 Players Forward 
   Center                   Wing                     Time % Phy DF OF 
 1 J.T. Miller              Colin McDonald           60     1   2  2  
 2 Tim Schaller             Matt Fraser              40     1   2  2  

Penalty Kill 4 Players Defense
   Defense                  Defense                  Time % Phy DF OF 
 1 Anton Volchenkov         Frank Corrado            60     1   2  2  
 2 Mathieu Brodeur          Viktor Svedberg          40     1   2  2  

Penalty Kill - 3 Players Forward 
   Forward                                           Time % Phy DF OF 
 1 J.T. Miller                                       60     1   2  2  
 2 Colin McDonald                                    40     1   2  2  

Penalty Kill - 3 Players Defense
   Defense                  Defense                  Time % Phy DF OF 
 1 Anton Volchenkov         Frank Corrado            60     1   2  2  
 2 Mathieu Brodeur          Viktor Svedberg          40     1   2  2  

4 vs 4 Forward 
   Center                   Wing                     Time % Phy DF OF 
 1 J.T. Miller              Colin McDonald           60     1   2  2  
 2 Tim Schaller             Matt Fraser              40     1   2  2  

4 vs 4 Defense
   Defense                  Defense                  Time % Phy DF OF 
 1 Anton Volchenkov         Frank Corrado            60     1   2  2  
 2 Mathieu Brodeur          Viktor Svedberg          40     1   2  2  

Last Minutes Offensive
   Center                   Left Wing                Right Wing               Defense                  Defense                  
   J.T. Miller              Tim Schaller             Colin McDonald           Anton Volchenkov         Frank Corrado            

Last Minutes Defensive
   Center                   Left Wing                Right Wing               Defense                  Defense                  
   J.T. Miller              Tim Schaller             Colin McDonald           Anton Volchenkov         Frank Corrado            

Goaltenders
Starting : Yann Danis               
Backup : Ryan Faragher            

Extra Forwards
Normal : Ben Holmstrom, Oscar Lindberg, Scott Wilson - PP : Ben Holmstrom, Oscar Lindberg - PK : Scott Wilson
Extra Defensemen
Normal : Jean-Philippe Cote, Mat Bodie, Mathieu Brodeur - PP : Jean-Philippe Cote - PK : Mat Bodie, Mathieu Brodeur
Penalty Shots
J.T. Miller, Colin McDonald, Tim Schaller, Matt Fraser, Travis Morin

% Time on Ice - Moose

Lines # - Real PCT - Wanted PCT - Time Play
Normal Forward
1 - 23% - 35% - 11:52
2 - 31% - 30% - 15:52
3 - 29% - 22% - 14:29
4 - 17% - 13% - 8:32
Normal Defense
1 - 30% - 35% - 15:20
2 - 35% - 30% - 17:44
3 - 27% - 22% - 13:49
4 - 8% - 13% - 3:52
PP Forward
1 - 42% - 60% - 1:24
2 - 58% - 40% - 1:54
PP Defense
1 - 51% - 60% - 1:41
2 - 49% - 40% - 1:37
PK Forward
1 - 71% - 60% - 4:14
2 - 29% - 40% - 1:43
PK Defense
1 - 50% - 60% - 2:58
2 - 50% - 40% - 2:59
PK3 Forward
1 - 0% - 60%
2 - 0% - 40%
PK3 Defense
1 - 0% - 60%
2 - 0% - 40%
44 Forward
1 - 76% - 60% - 3:49
2 - 24% - 40% - 1:11
44 Defense
1 - 60% - 60% - 2:59
2 - 40% - 40% - 2:01
Last Minute Offensive  - 0:00
Last Minute Defensive  - 0:00
Total
Forward - 65:00
Defense - 65:00

% Time on Ice - Ice Hogs

Lines # - Real PCT - Wanted PCT - Time Play
Normal Forward
1 - 21% - 35% - 10:48
2 - 29% - 30% - 14:35
3 - 31% - 22% - 15:38
4 - 19% - 13% - 9:44
Normal Defense
1 - 15% - 35% - 7:49
2 - 44% - 30% - 22:25
3 - 38% - 22% - 19:11
4 - 3% - 13% - 1:20
PP Forward
1 - 56% - 60% - 3:21
2 - 44% - 40% - 2:36
PP Defense
1 - 33% - 60% - 1:57
2 - 67% - 40% - 4:00
PK Forward
1 - 90% - 60% - 2:58
2 - 10% - 40% - 0:20
PK Defense
1 - 54% - 60% - 1:46
2 - 46% - 40% - 1:32
PK3 Forward
1 - 0% - 60%
2 - 0% - 40%
PK3 Defense
1 - 0% - 60%
2 - 0% - 40%
44 Forward
1 - 100% - 60% - 5:00
2 - 0% - 40% - 0:00
44 Defense
1 - 45% - 60% - 2:15
2 - 55% - 40% - 2:45
Last Minute Offensive  - 0:00
Last Minute Defensive  - 0:00
Total
Forward - 65:00
Defense - 65:00

Play by Play

1st period


0:01 of 1st period - Cedric Paquette wins face-off versus J.T. Miller in neutral zone.
0:15 of 1st period - Slapshot by Colin McDonald.
0:15 of 1st period - Stopped by Sam Brittain with a rebound.
0:25 of 1st period - Wrist shot by J.T. Miller.
0:25 of 1st period - Shot Misses the Net.
0:27 of 1st period - Snap shot by Anton Volchenkov.
0:27 of 1st period - Shot Misses the Net.
0:29 of 1st period - Wrist shot by Frank Corrado.
0:29 of 1st period - Stopped by Sam Brittain without a rebound.
0:30 of 1st period - Travis Morin wins face-off versus Greg McKegg in Moose zone.
0:47 of 1st period - Wrist shot by Travis Morin.
0:47 of 1st period - Shot Misses the Net.
1:02 of 1st period - Minor Penalty to Rasmus Rissanen for Roughing.
1:03 of 1st period - J.T. Miller wins face-off versus Josh Jooris in Moose zone.
2:07 of 1st period - Brandon Davidson is hit by Anton Volchenkov and loses puck.
2:58 of 1st period - Slapshot by Travis Morin.
2:58 of 1st period - Shot Misses the Net.
3:00 of 1st period - Slapshot by Anton Volchenkov.
3:00 of 1st period - Deflect By Matt Fraser.
3:00 of 1st period - Shot Misses the Net.
3:00 of 1st period - Puck is out of play.
3:01 of 1st period - Cedric Paquette wins face-off versus Travis Morin in Moose zone.
3:02 of 1st period - Penalty to Rasmus Rissanen is over, Rasmus Rissanen is back on ice.
3:24 of 1st period - Josh Manson is hit by Anton Volchenkov and loses puck.
3:31 of 1st period - Slapshot by Oscar Lindberg.
3:31 of 1st period - Shot Misses the Net.
4:09 of 1st period - Slapshot by Ben Chiarot.
4:09 of 1st period - Shot Blocked by Mat Bodie.
4:09 of 1st period - Mat Bodie from Ice Hogs is injured at 4:09 of 1st period (Sprained Right Knee).
4:10 of 1st period - Greg McKegg wins face-off versus J.T. Miller in Ice Hogs zone.
4:20 of 1st period - Off-side.
4:21 of 1st period - J.T. Miller wins face-off versus Greg McKegg in neutral zone.
4:42 of 1st period - Wrist shot by Garret Ross.
4:42 of 1st period - Stopped by Yann Danis with a rebound.
4:52 of 1st period - Snap shot by Garret Ross.
4:52 of 1st period - Deflect By Greg McKegg.
4:52 of 1st period - Shot Misses the Net.
4:52 of 1st period - Puck is out of play.
4:53 of 1st period - Rob Flick wins face-off versus Travis Morin in Ice Hogs zone.
4:54 of 1st period - Wrist shot by Cedric Paquette.
4:54 of 1st period - Stopped by Yann Danis with a rebound.
5:20 of 1st period - Cedric Paquette is hit by Will Acton and loses puck.
5:28 of 1st period - Icing by Ben Chiarot.
5:29 of 1st period - Oscar Lindberg wins face-off versus Rob Flick in Moose zone.
5:32 of 1st period - Wrist shot by Scott Wilson.
5:32 of 1st period - Stopped by Sam Brittain with a rebound.
6:01 of 1st period - Minor Penalty to Joel Edmundson for Holding.
6:02 of 1st period - Cedric Paquette wins face-off versus Tim Schaller in Moose zone.
6:30 of 1st period - Tim Schaller is hit by Brandon Davidson and loses puck.
6:48 of 1st period - Snap shot by Frank Corrado.
6:48 of 1st period - Deflect By Josh Jooris.
6:48 of 1st period - Stopped by Sam Brittain without a rebound.
6:49 of 1st period - Cedric Paquette wins face-off versus Travis Morin in Moose zone.
6:58 of 1st period - Ben Chiarot is hit by Matt Fraser and loses puck.
7:55 of 1st period - Wrist shot by Brandon Davidson.
7:55 of 1st period - Shot Misses the Net.
8:01 of 1st period - Penalty to Joel Edmundson is over, Joel Edmundson is back on ice.
10:06 of 1st period - J.T. Miller is hit by Cedric Paquette and loses puck.
10:15 of 1st period - Slapshot by Ben Chiarot.
10:15 of 1st period - Shot Blocked by Anton Volchenkov.
10:17 of 1st period - Slapshot by Ben Chiarot.
10:17 of 1st period - Stopped by Yann Danis with a rebound.
10:58 of 1st period - Viktor Svedberg is hit by Rob Flick and loses puck.
11:33 of 1st period - Snap shot by Tim Schaller.
11:33 of 1st period - Shot Hit the Post.
11:35 of 1st period - Snap shot by Colin McDonald.
11:35 of 1st period - Deflect By Tim Schaller.
11:35 of 1st period - Shot Misses the Net.
11:35 of 1st period - Puck is out of play.
11:36 of 1st period - Travis Morin wins face-off versus Colin Smith in Moose zone.
12:35 of 1st period - Slapshot by Josh Jooris.
12:35 of 1st period - Shot Blocked by Anton Volchenkov.
13:09 of 1st period - Wrist shot by Oscar Lindberg.
13:09 of 1st period - Stopped by Sam Brittain without a rebound.
13:10 of 1st period - Oscar Lindberg wins face-off versus Garret Ross in Moose zone.
13:59 of 1st period - Wrist shot by Cedric Paquette.
13:59 of 1st period - Stopped by Yann Danis with a rebound.
14:01 of 1st period - Backhand shot by Josh Jooris.
14:01 of 1st period - Deflect By Tim Schaller.
14:01 of 1st period - Shot Misses the Net.
14:01 of 1st period - Puck is out of play.
14:02 of 1st period - Ryan Malone wins face-off versus J.T. Miller in Ice Hogs zone.
14:12 of 1st period - Icing by Mathieu Brodeur.
14:13 of 1st period - J.T. Miller wins face-off versus Rob Flick in Ice Hogs zone.
14:43 of 1st period - Cedric Paquette is hit by Petr Straka and loses puck.
15:20 of 1st period - Slapshot by Frank Corrado.
15:20 of 1st period - Shot Misses the Net.
15:22 of 1st period - Slapshot by Frank Corrado.
15:22 of 1st period - Shot Blocked by Brandon Davidson.
15:24 of 1st period - Snap shot by T.J. Tynan.
15:24 of 1st period - Shot Hit the Post.
15:26 of 1st period - Wrist shot by Viktor Svedberg.
15:26 of 1st period - Stopped by Sam Brittain without a rebound.
15:27 of 1st period - Colin Smith wins face-off versus T.J. Tynan in Moose zone.
15:46 of 1st period - Snap shot by Joel Armia.
15:46 of 1st period - Stopped by Yann Danis with a rebound.
16:11 of 1st period - Jean-Philippe Cote is hit by Garret Ross and loses puck.
16:43 of 1st period - Icing by Greg McKegg.
16:44 of 1st period - J.T. Miller wins face-off versus Garret Ross in Moose zone.
17:01 of 1st period - Snap shot by J.T. Miller.
17:01 of 1st period - Shot Blocked by Joel Armia.
17:13 of 1st period - Snap shot by Matt Fraser.
17:13 of 1st period - Shot Misses the Net.
17:15 of 1st period - Wrist shot by Will Acton.
17:15 of 1st period - Shot Misses the Net.
17:43 of 1st period - Snap shot by Scott Wilson.
17:43 of 1st period - Shot Blocked by Josh Jooris.
18:25 of 1st period - Will Acton is hit by Greg McKegg and loses puck.
18:36 of 1st period - Wrist shot by Josh Manson.
18:36 of 1st period - Shot Misses the Net.
18:38 of 1st period - Slapshot by Ben Chiarot.
18:38 of 1st period - Stopped by Yann Danis with a rebound.
18:43 of 1st period - Slapshot by Joel Vermin.
18:43 of 1st period - Stopped by Yann Danis with a rebound.
18:45 of 1st period - Snap shot by Joel Vermin.
18:45 of 1st period - Shot Misses the Net.
19:08 of 1st period - Anton Volchenkov is hit by Josh Jooris and loses puck.
19:19 of 1st period - Slapshot by Ben Chiarot.
19:19 of 1st period - Stopped by Yann Danis with a rebound.
19:33 of 1st period - Anton Volchenkov is hit by Joel Armia and loses puck.
Goals for this period are 0 for Moose vs 0 for Ice Hogs.
Shots for this period are 8 for Moose vs 6 for Ice Hogs.

2nd period


0:01 of 2nd period - J.T. Miller wins face-off versus Cedric Paquette in neutral zone.
1:04 of 2nd period - Snap shot by Greg McKegg.
1:04 of 2nd period - Stopped by Yann Danis with a rebound.
1:06 of 2nd period - Snap shot by Daniil Tarasov.
1:06 of 2nd period - Stopped by Yann Danis without a rebound.
1:07 of 2nd period - Oscar Lindberg wins face-off versus Daniil Tarasov in Ice Hogs zone.
2:12 of 2nd period - Slapshot by Brandon Davidson.
2:12 of 2nd period - Shot Blocked by Mathieu Brodeur.
2:14 of 2nd period - Snap shot by Brandon Davidson.
2:14 of 2nd period - Shot Misses the Net.
2:16 of 2nd period - Wrist shot by Colin Smith.
2:16 of 2nd period - Stopped by Yann Danis without a rebound.
2:17 of 2nd period - Rob Flick wins face-off versus J.T. Miller in Ice Hogs zone.
2:21 of 2nd period - Minor Penalty to Frank Corrado for Hooking.
2:22 of 2nd period - J.T. Miller wins face-off versus Cedric Paquette in Ice Hogs zone.
3:36 of 2nd period - Wrist shot by Daniil Tarasov.
3:36 of 2nd period - Shot Blocked by Colin McDonald.
3:38 of 2nd period - Slapshot by Rasmus Rissanen.
3:38 of 2nd period - Stopped by Yann Danis with a rebound.
3:40 of 2nd period - Slapshot by Brandon Davidson.
3:40 of 2nd period - Goal by Brandon Davidson - Moose : 1 - Ice Hogs : 0.
3:41 of 2nd period - Colin Smith wins face-off versus Matt Fraser in neutral zone.
3:49 of 2nd period - Colin Smith is hit by Matt Fraser.
3:57 of 2nd period - Snap shot by Travis Morin.
3:57 of 2nd period - Shot Blocked by Brandon Davidson.
4:09 of 2nd period - Colin Smith is hit by Travis Morin and loses puck.
4:58 of 2nd period - Snap shot by Cedric Paquette.
4:58 of 2nd period - Shot Misses the Net.
5:00 of 2nd period - Wrist shot by Josh Jooris.
5:00 of 2nd period - Shot Blocked by Scott Wilson.
5:02 of 2nd period - Snap shot by Josh Jooris.
5:02 of 2nd period - Shot Blocked by Jean-Philippe Cote.
5:04 of 2nd period - Snap shot by Josh Jooris.
5:04 of 2nd period - Shot Blocked by Anton Volchenkov.
5:21 of 2nd period - Viktor Svedberg beats up Scott Mayfield.
5:21 of 2nd period - Penalty to Viktor Svedberg for Fighting.
5:21 of 2nd period - Penalty to Scott Mayfield for Fighting.
5:21 of 2nd period - Penalty to Viktor Svedberg for instigated a fight.
5:21 of 2nd period - Penalty to Viktor Svedberg for instigated and being the aggresor in a fight.
5:21 of 2nd period - Viktor Svedberg is ejected from game.
5:22 of 2nd period - Greg McKegg wins face-off versus J.T. Miller in Moose zone.
5:22 of 2nd period - Greg McKegg is hit by Colin McDonald.
5:28 of 2nd period - Ben Chiarot is hit by J.T. Miller.
6:08 of 2nd period - Colin McDonald is hit by Garret Ross and loses puck.
7:09 of 2nd period - Frank Corrado is hit by Greg McKegg.
7:21 of 2nd period - Penalty to Viktor Svedberg is over, Colin McDonald is send on ice.
7:31 of 2nd period - Joel Armia is hit by Mathieu Brodeur.
8:51 of 2nd period - Derek Hulak is hit by Joel Edmundson and loses puck.
9:04 of 2nd period - Josh Jooris is hit by Oscar Lindberg and loses puck.
9:13 of 2nd period - Cedric Paquette is hit by Anton Volchenkov and loses puck.
9:27 of 2nd period - Scott Wilson is hit by Ryan Malone and loses puck.
10:07 of 2nd period - Colin McDonald is hit by Rasmus Rissanen and loses puck.
11:06 of 2nd period - Slapshot by Matt Fraser.
11:06 of 2nd period - Shot Blocked by Brandon Davidson.
11:26 of 2nd period - Joel Vermin is hit by Will Acton and loses puck.
11:46 of 2nd period - Slapshot by Tim Schaller.
11:46 of 2nd period - Shot Misses the Net.
12:23 of 2nd period - Scott Wilson is hit by Josh Manson and loses puck.
12:39 of 2nd period - Anton Volchenkov is hit by Josh Jooris and loses puck.
13:12 of 2nd period - Off-side.
13:13 of 2nd period - Rob Flick wins face-off versus Travis Morin in neutral zone.
15:11 of 2nd period - Snap shot by J.T. Miller.
15:11 of 2nd period - Shot Misses the Net.
15:31 of 2nd period - Snap shot by Travis Morin.
15:31 of 2nd period - Stopped by Sam Brittain with a rebound.
15:33 of 2nd period - Slapshot by Tim Schaller.
15:33 of 2nd period - Stopped by Sam Brittain with a rebound.
15:39 of 2nd period - Minor Penalty to Garret Ross for Roughing.
15:40 of 2nd period - Travis Morin wins face-off versus Cedric Paquette in Moose zone.
15:47 of 2nd period - Snap shot by Travis Morin.
15:47 of 2nd period - Shot Misses the Net.
15:49 of 2nd period - Slapshot by Will Acton.
15:49 of 2nd period - Stopped by Sam Brittain with a rebound.
15:51 of 2nd period - Slapshot by Anton Volchenkov.
15:51 of 2nd period - Shot Blocked by Ben Chiarot.
15:53 of 2nd period - Slapshot by Anton Volchenkov.
15:53 of 2nd period - Shot Misses the Net.
16:32 of 2nd period - Oscar Lindberg is hit by Ben Chiarot and loses puck.
16:43 of 2nd period - Snap shot by Colin McDonald.
16:43 of 2nd period - Deflect By Tim Schaller.
16:43 of 2nd period - Shot Blocked by Ben Chiarot.
16:43 of 2nd period - Puck is out of play.
16:44 of 2nd period - Oscar Lindberg wins face-off versus Cedric Paquette in Moose zone.
17:24 of 2nd period - Snap shot by J.T. Miller.
17:24 of 2nd period - Stopped by Sam Brittain with a rebound.
17:26 of 2nd period - Wrist shot by Tim Schaller.
17:26 of 2nd period - Shot Blocked by Josh Jooris.
17:28 of 2nd period - Slapshot by Tim Schaller.
17:28 of 2nd period - Shot Misses the Net.
17:30 of 2nd period - Slapshot by Jean-Philippe Cote.
17:30 of 2nd period - Deflect By J.T. Miller.
17:30 of 2nd period - Shot Misses the Net.
17:30 of 2nd period - Puck is out of play.
17:31 of 2nd period - J.T. Miller wins face-off versus Cedric Paquette in Moose zone.
17:39 of 2nd period - Penalty to Garret Ross is over, Garret Ross is back on ice.
17:41 of 2nd period - Icing by Josh Manson.
17:42 of 2nd period - Travis Morin wins face-off versus Michael Schumacher in Moose zone.
18:01 of 2nd period - Joel Armia is hit by Mathieu Brodeur and loses puck.
19:23 of 2nd period - Brandon Davidson is hit by Petr Straka.
Goals for this period are 1 for Moose vs 0 for Ice Hogs.
Shots for this period are 5 for Moose vs 4 for Ice Hogs.

3rd period


0:01 of 3rd period - Cedric Paquette wins face-off versus J.T. Miller in neutral zone.
0:21 of 3rd period - 10 Minutes Misconduct Penalty to Viktor Svedberg is over.
0:30 of 3rd period - Slapshot by Tim Schaller.
0:30 of 3rd period - Deflect By Colin McDonald.
0:30 of 3rd period - Shot Misses the Net.
0:30 of 3rd period - Puck is out of play.
0:31 of 3rd period - Greg McKegg wins face-off versus Travis Morin in Moose zone.
0:31 of 3rd period - Greg McKegg is hit by Will Acton.
0:37 of 3rd period - Slapshot by Brandon Davidson.
0:37 of 3rd period - Stopped by Yann Danis with a rebound.
0:39 of 3rd period - Snap shot by Brandon Davidson.
0:39 of 3rd period - Stopped by Yann Danis with a rebound.
1:21 of 3rd period - Jean-Philippe Cote is hit by Brandon Davidson and loses puck.
1:30 of 3rd period - Wrist shot by Joel Armia.
1:30 of 3rd period - Shot Misses the Net.
1:42 of 3rd period - Slapshot by Ben Chiarot.
1:42 of 3rd period - Stopped by Yann Danis with a rebound.
1:44 of 3rd period - Backhand shot by Michael Schumacher.
1:44 of 3rd period - Stopped by Yann Danis with a rebound.
2:02 of 3rd period - Wrist shot by Josh Jooris.
2:02 of 3rd period - Shot Misses the Net.
2:04 of 3rd period - Snap shot by Cedric Paquette.
2:04 of 3rd period - Stopped by Yann Danis with a rebound.
2:06 of 3rd period - Slapshot by Ryan Malone.
2:06 of 3rd period - Shot Blocked by Jean-Philippe Cote.
2:08 of 3rd period - Snap shot by Ben Chiarot.
2:08 of 3rd period - Stopped by Yann Danis without a rebound.
2:09 of 3rd period - Cedric Paquette wins face-off versus J.T. Miller in Ice Hogs zone.
3:12 of 3rd period - Snap shot by Scott Wilson.
3:12 of 3rd period - Shot Misses the Net.
3:14 of 3rd period - Slapshot by Frank Corrado.
3:14 of 3rd period - Shot Misses the Net.
3:16 of 3rd period - Slapshot by Anton Volchenkov.
3:16 of 3rd period - Shot Blocked by Brandon Davidson.
3:36 of 3rd period - Icing by Rasmus Rissanen.
3:37 of 3rd period - Greg McKegg wins face-off versus T.J. Tynan in Moose zone.
4:46 of 3rd period - Brandon Davidson is hit by Oscar Lindberg and loses puck.
5:48 of 3rd period - Slapshot by Josh Manson.
5:48 of 3rd period - Stopped by Yann Danis with a rebound.
5:54 of 3rd period - Josh Manson is hit by Anton Volchenkov and loses puck.
6:31 of 3rd period - Tim Schaller is hit by Ryan Malone and loses puck.
6:48 of 3rd period - Snap shot by J.T. Miller.
6:48 of 3rd period - Shot Misses the Net.
6:50 of 3rd period - Wrist shot by T.J. Tynan.
6:50 of 3rd period - Deflect By J.T. Miller.
6:50 of 3rd period - Shot Blocked by Cedric Paquette.
6:50 of 3rd period - Puck is out of play.
6:51 of 3rd period - T.J. Tynan wins face-off versus Rob Flick in Moose zone.
7:10 of 3rd period - Snap shot by Joel Vermin.
7:10 of 3rd period - Shot Misses the Net.
7:49 of 3rd period - Ben Chiarot is hit by Travis Morin and loses puck.
8:13 of 3rd period - Colin McDonald is hit by Brady Austin and loses puck.
8:51 of 3rd period - Off-side.
8:52 of 3rd period - Oscar Lindberg wins face-off versus Rob Flick in neutral zone.
8:55 of 3rd period - Slapshot by Colin McDonald.
8:55 of 3rd period - Stopped by Sam Brittain without a rebound.
8:56 of 3rd period - Rob Flick wins face-off versus Oscar Lindberg in Moose zone.
10:01 of 3rd period - Snap shot by T.J. Tynan.
10:01 of 3rd period - Stopped by Sam Brittain with a rebound.
10:13 of 3rd period - Snap shot by Travis Morin.
10:13 of 3rd period - Shot Misses the Net.
10:19 of 3rd period - Snap shot by Travis Morin.
10:19 of 3rd period - Shot Misses the Net.
10:21 of 3rd period - Slapshot by Mathieu Brodeur.
10:21 of 3rd period - Stopped by Sam Brittain with a rebound.
10:23 of 3rd period - Wrist shot by Travis Morin.
10:23 of 3rd period - Stopped by Sam Brittain with a rebound.
10:33 of 3rd period - Joel Armia is hit by Mathieu Brodeur and loses puck.
10:38 of 3rd period - Snap shot by Colin McDonald.
10:38 of 3rd period - Shot Misses the Net.
10:40 of 3rd period - Slapshot by Anton Volchenkov.
10:40 of 3rd period - Shot Blocked by Ben Chiarot.
10:42 of 3rd period - Slapshot by Anton Volchenkov.
10:42 of 3rd period - Stopped by Sam Brittain with a rebound.
10:44 of 3rd period - Snap shot by Tim Schaller.
10:44 of 3rd period - Deflect By Colin McDonald.
10:44 of 3rd period - Shot Blocked by Ben Chiarot.
10:44 of 3rd period - Puck is out of play.
10:45 of 3rd period - Ben Holmstrom wins face-off versus Greg McKegg in Moose zone.
10:46 of 3rd period - Snap shot by Colin McDonald.
10:46 of 3rd period - Shot Misses the Net.
10:56 of 3rd period - Snap shot by Greg McKegg.
10:56 of 3rd period - Shot Misses the Net.
11:08 of 3rd period - Snap shot by Garret Ross.
11:08 of 3rd period - Stopped by Yann Danis without a rebound.
11:09 of 3rd period - Cedric Paquette wins face-off versus T.J. Tynan in Ice Hogs zone.
11:14 of 3rd period - Wrist shot by Cedric Paquette.
11:14 of 3rd period - Shot Misses the Net.
12:33 of 3rd period - Snap shot by Cedric Paquette.
12:33 of 3rd period - Stopped by Yann Danis with a rebound.
13:19 of 3rd period - Wrist shot by Scott Wilson.
13:19 of 3rd period - Stopped by Sam Brittain with a rebound.
13:21 of 3rd period - Slapshot by Anton Volchenkov.
13:21 of 3rd period - Deflect By Joel Edmundson.
13:21 of 3rd period - Stopped by Sam Brittain without a rebound.
13:22 of 3rd period - Oscar Lindberg wins face-off versus Colin Smith in Moose zone.
13:47 of 3rd period - Off-side.
13:48 of 3rd period - T.J. Tynan wins face-off versus Greg McKegg in neutral zone.
13:59 of 3rd period - Greg McKegg is hit by J.T. Miller and loses puck.
14:24 of 3rd period - Backhand shot by Oscar Lindberg.
14:24 of 3rd period - Shot Misses the Net.
14:26 of 3rd period - Slapshot by Frank Corrado.
14:26 of 3rd period - Stopped by Sam Brittain with a rebound.
14:46 of 3rd period - Off-side.
14:47 of 3rd period - Cedric Paquette wins face-off versus J.T. Miller in neutral zone.
15:25 of 3rd period - Backhand shot by Brandon Davidson.
15:25 of 3rd period - Shot Misses the Net.
17:50 of 3rd period - Slapshot by Josh Manson.
17:50 of 3rd period - Stopped by Yann Danis with a rebound.
18:07 of 3rd period - Off-side.
18:08 of 3rd period - Colin Smith wins face-off versus J.T. Miller in neutral zone.
18:25 of 3rd period - Wrist shot by J.T. Miller.
18:25 of 3rd period - Goal by J.T. Miller - Moose : 1 - Ice Hogs : 1.
18:26 of 3rd period - Colin Smith wins face-off versus T.J. Tynan in neutral zone.
19:19 of 3rd period - Petr Straka is hit by Daniil Tarasov and loses puck.
19:24 of 3rd period - Snap shot by Garret Ross.
19:24 of 3rd period - Deflect By Greg McKegg.
19:24 of 3rd period - Shot Blocked by Petr Straka.
19:24 of 3rd period - Puck is out of play.
19:25 of 3rd period - Travis Morin wins face-off versus Josh Jooris in Ice Hogs zone.
19:25 of 3rd period - Travis Morin is hit by Ryan Malone.
19:35 of 3rd period - Snap shot by Travis Morin.
19:35 of 3rd period - Shot Misses the Net.
19:43 of 3rd period - Anton Volchenkov is hit by Scott Mayfield and loses puck.
19:56 of 3rd period - Garret Ross is hit by Will Acton and loses puck.
Goals for this period are 0 for Moose vs 1 for Ice Hogs.
Shots for this period are 10 for Moose vs 9 for Ice Hogs.

Overtime #1


0:01 of 1st overtime period - Cedric Paquette wins face-off versus J.T. Miller in neutral zone.
1:04 of 1st overtime period - Snap shot by Colin McDonald.
1:04 of 1st overtime period - Deflect By J.T. Miller.
1:04 of 1st overtime period - Shot Blocked by Cedric Paquette.
1:04 of 1st overtime period - Puck is out of play.
1:05 of 1st overtime period - Josh Jooris wins face-off versus J.T. Miller in Moose zone.
2:02 of 1st overtime period - Oscar Lindberg is hit by Josh Jooris and loses puck.
2:19 of 1st overtime period - Wrist shot by Oscar Lindberg.
2:19 of 1st overtime period - Shot Misses the Net.
3:05 of 1st overtime period - Mathieu Brodeur is hit by Joel Armia and loses puck.
3:16 of 1st overtime period - Wrist shot by Joel Armia.
3:16 of 1st overtime period - Shot Misses the Net.
3:18 of 1st overtime period - Slapshot by Brandon Davidson.
3:18 of 1st overtime period - Stopped by Yann Danis with a rebound.
3:20 of 1st overtime period - Snap shot by Rasmus Rissanen.
3:20 of 1st overtime period - Stopped by Yann Danis without a rebound.
3:21 of 1st overtime period - Colin Smith wins face-off versus J.T. Miller in Ice Hogs zone.
3:30 of 1st overtime period - Snap shot by J.T. Miller.
3:30 of 1st overtime period - Shot Misses the Net.
3:32 of 1st overtime period - Snap shot by Colin McDonald.
3:32 of 1st overtime period - Shot Blocked by Brandon Davidson.
3:34 of 1st overtime period - Snap shot by Jean-Philippe Cote.
3:34 of 1st overtime period - Stopped by Sam Brittain without a rebound.
3:35 of 1st overtime period - Colin Smith wins face-off versus J.T. Miller in Moose zone.
3:40 of 1st overtime period - Mathieu Brodeur is hit by Joel Armia and loses puck.
3:57 of 1st overtime period - Snap shot by Oscar Lindberg.
3:57 of 1st overtime period - Stopped by Sam Brittain with a rebound.
3:59 of 1st overtime period - Backhand shot by Frank Corrado.
3:59 of 1st overtime period - Deflect By Josh Jooris.
3:59 of 1st overtime period - Stopped by Sam Brittain with a rebound.
4:01 of 1st overtime period - Wrist shot by Frank Corrado.
4:01 of 1st overtime period - Stopped by Sam Brittain with a rebound.
4:07 of 1st overtime period - Slapshot by Oscar Lindberg.
4:07 of 1st overtime period - Shot Misses the Net.
4:21 of 1st overtime period - Josh Manson is hit by Mathieu Brodeur and loses puck.
4:26 of 1st overtime period - Slapshot by Matt Fraser.
4:26 of 1st overtime period - Shot Misses the Net.
4:28 of 1st overtime period - Wrist shot by Matt Fraser.
4:28 of 1st overtime period - Deflect By Scott Wilson.
4:28 of 1st overtime period - Shot Misses the Net.
4:28 of 1st overtime period - Puck is out of play.
4:29 of 1st overtime period - Ryan Malone wins face-off versus Scott Wilson in Moose zone.
4:51 of 1st overtime period - Snap shot by Ryan Malone.
4:51 of 1st overtime period - Shot Blocked by Matt Fraser.
Goals for this period are 0 for Moose vs 0 for Ice Hogs.
Shots for this period are 2 for Moose vs 4 for Ice Hogs.

ShootOut


5:00 of 1st overtime period - Penalty Shot by Cedric Paquette for Moose.
5:00 of 1st overtime period - Wrist shot by Cedric Paquette.
5:00 of 1st overtime period - Stopped by Yann Danis.
5:00 of 1st overtime period - Penalty Shot by J.T. Miller for Ice Hogs.
5:00 of 1st overtime period - Snap shot by J.T. Miller.
5:00 of 1st overtime period - Goal by J.T. Miller.
5:00 of 1st overtime period - Penalty Shot by Josh Jooris for Moose.
5:00 of 1st overtime period - Deke by Josh Jooris.
5:00 of 1st overtime period - Goal by Josh Jooris.
5:00 of 1st overtime period - Penalty Shot by Colin McDonald for Ice Hogs.
5:00 of 1st overtime period - Deke by Colin McDonald.
5:00 of 1st overtime period - Goal by Colin McDonald.
5:00 of 1st overtime period - Penalty Shot by Ryan Malone for Moose.
5:00 of 1st overtime period - Deke by Ryan Malone.
5:00 of 1st overtime period - Stopped by Yann Danis.